 Dungeon Crawl Stone Soup version 0.27.1-33-g824d729ab1 (webtiles) character file.

Game seed: 4579710780305261039

26 Atelerd the Digger (level 3, 0/21 HPs)
             Began as an Octopode Earth Elementalist on Dec 29, 2021.
             Succumbed to a goblin's poison
             ... on level 1 of the Dungeon.
             The game lasted 00:00:37 (534 turns).

Atelerd the Digger (Octopode Earth Elementalist)     Turns: 534, Time: 00:00:38

Health: 0/21       AC:  1    Str:  7    XL:     3   Next: 8%
Magic:  1/6        EV: 13    Int: 18    God:
Gold:   49         SH:  0    Dex: 12    Spells: 5/6 levels left

rFire    . . .     SeeInvis .   c - +0 dagger
rCold    . . .     Faith    .   (no shield)
rNeg     . . .     Spirit   .   (helmet restricted)
rPois    .         Reflect  .   (no amulet)
rElec    .         Harm     .   (no ring)
rCorr    .         Rampage  .   (no ring)
Will     .....                  (no ring)
Stlth    +++.......             (no ring)
HPRegen  0.07/turn              (no ring)
MPRegen  0.10/turn              (no ring)
                                (no ring)
                                (no ring)

@: lethally poisoned (0 -> -6), very slightly contaminated
A: almost no armour, amphibious, 8 rings, camouflage 1, gelatinous body 1,
(nimble swimmer 1), tentacles
a: no special abilities


You were on level 1 of the Dungeon.
You visited 1 branch of the dungeon, and saw 1 of its levels.

You collected 49 gold pieces.

Inventory:

Hand Weapons
 c - a +0 dagger (weapon)
Missiles
 b - 14 stones
Armour
 e - a +0 buckler
Scrolls
 a - 2 scrolls of identify {unknown}
 d - a scroll of torment {unknown}


   Skills:
 - Level 2.0 Dodging
 - Level 2.6 Stealth
 + Level 2.4 Spellcasting
 + Level 1.8 Transmutations
 + Level 3.4 Earth Magic


You had 5 spell levels left.
You knew the following spells:

 Your Spells              Type           Power      Damage    Failure   Level
a - Sandblast             Erth           28%        2d8       4%          1

Your spell library contained the following spells:

 Spells                   Type           Power      Damage    Failure   Level
 Passwall                 Tmut/Erth      9%         N/A       9%          2
 Stone Arrow              Conj/Erth      16%        3d8       26%         3
 Petrify                  Tmut/Erth      11%        N/A       52%         4


Dungeon Overview and Level Annotations

Branches:
Dungeon (1/15)

Altars:


Innate Abilities, Weirdness & Mutations

You cannot wear most types of armour.
You are amphibious.
You can wear up to eight rings at the same time.
Your skin changes colour to match your surroundings (Stealth+).
Your rubbery body absorbs attacks. (AC +1, EV +1)
((You are camouflaged near water. (Stealth+)))
You have tentacles for arms and can constrict up to eight enemies at once.


Message History

The gnoll is heavily wounded.
You constrict the gnoll. The gnoll misses you.
The hobgoblin closely misses you.
The blast of sand hits the gnoll!
You kill the gnoll!
The goblin completely misses you. The hobgoblin closely misses you.
You have reached level 3!
Your experience leads to an increase in your attributes!
Increase (S)trength, (I)ntelligence, or (D)exterity?
You feel clever. The giant cockroach bites you.
The blast of sand hits the hobgoblin.
The hobgoblin is heavily wounded.
The hobgoblin closely misses you.
You miscast Sandblast.
You are very lightly contaminated with residual magic.
Nothing appears to happen.
The hobgoblin hits you.
The blast of sand hits the hobgoblin but does no damage.
The hobgoblin is heavily wounded.
The goblin misses you. The hobgoblin barely misses you.
You are too depleted to draw on your mana recklessly!
You are too depleted to draw on your mana recklessly!
You closely miss the hobgoblin. You grab the hobgoblin.
The hobgoblin is heavily wounded.
You constrict the hobgoblin.
The goblin hits you with a +0 dagger of venom.
You are lethally poisoned!
The hobgoblin hits you.
The giant cockroach bites you but does no damage.
You release your grip on the hobgoblin.
* * * LOW HITPOINT WARNING * * *
You feel very sick.
* * * LOW HITPOINT WARNING * * *
You feel sick.
* * * LOW HITPOINT WARNING * * *
You feel sick.
You aren't carrying any potions.
You aren't carrying any potions.
You aren't carrying any potions.
You die...

#.####...#####.#...'....###.
#....'......##.#####...##P..
######...##.##.#
#..##..ā‰ˆā‰ˆ
#...##.##.########P..Pā‰ˆ
#...##.##....# ##P.[.
#...##.>...... ###ā™£_
######........ ##
#.....####### #....@#####
##.........# #....gBg...#
#.##.......# #.##.......#
#..........# ####.......#
#.......# #.......#


You could see a giant cockroach, a hobgoblin and a goblin.

Vanquished Creatures
  A gnoll (D:1)
  A dart slug (D:1)
  2 ball pythons (D:1)
  4 endoplasms (D:1)
  A goblin (D:1)
  A quokka (D:1)
  2 bats (D:1)
  A frilled lizard (D:1)
  A rat (D:1)
14 creatures vanquished.

Notes
Turn   | Place    | Note
-------+----------+-------------------------------------------
     0 | D:1      | Atelerd the Octopode Earth Elementalist began the quest for
                  | the Orb.
     0 | D:1      | Reached XP level 1. HP: 11/11 MP: 3/3
   184 | D:1      | Reached XP level 2. HP: 14/17 MP: 3/5
   391 | D:1      | Found a faded altar of an unknown god.
   520 | D:1      | Reached XP level 3. HP: 15/21 MP: 2/6
   534 | D:1      | Succumbed to a goblin's poison

Illustrated notes

Levels and vault maps discovered:
D:1:      nicolae_arrival_somewhat_less_tricky_arrival, layout_basic,
          dreamdust_ecumenical_altar_hidden_monk_grotto

Action                   || total
-------------------------++-------
Melee: Dagger            ||     8
       Constrict         ||     4
       Tentacles         ||     1
 Cast: Sandblast         ||    16
 Stab: Sleeping          ||     1
Armor: Skin              ||     3
Dodge: Dodged            ||    15
